[Event "ICC tourney 2069 (15 5)"]
[Site "Internet Chess Club"]
[Date "2020.10.18"]
[Round "3"]
[White "christopherelam"]
[Black "mahugege"]
[Result "0-1"]
[ICCResult "White checkmated"]
[WhiteElo "1340"]
[BlackElo "1416"]
[Opening "Old Benoni defense"]
[ECO "A43"]
[NIC "OI.09"]
[Time "14:09:23"]
[TimeControl "900+5"]

1. d4 c5 2. dxc5 e6 3. b4 a5 4. c3 g6 5. Nf3 Bg7 6. Bf4 axb4 7. Qb3 bxc3 8.
Nxc3 Qa5 9. Bd2 Qa3 10. Qxa3 Rxa3 11. e3 Rxc3 12. Bxc3 Bxc3+ 13. Ke2 Bxa1
14. g3 Bg7 15. Bg2 Nf6 16. Rb1 O-O 17. Ng5 Nc6 18. a4 h6 19. Nh3 Rd8 20. Rd1
Nb4 21. Rb1 Nbd5 22. Rd1 Nc3+ 23. Ke1 Nxd1 24. Kxd1 d6 25. cxd6 Rxd6+ 26.
Ke1 b5 27. axb5 Rb6 28. Bc6 Bb7 29. Nf4 Bxc6 30. bxc6 Rxc6 31. h4 Ne4 32. h5
g5 33. Nd3 Bc3+ 34. Ke2 Bg7 35. g4 Rc2+ 36. Kd1 Rxf2 37. Ke1 Rg2 38. Kf1
Rxg4 39. Ke2 Rh4 40. Kf3 f5 41. Kg2 Rxh5 42. Kf3 Rh1 43. Nb4 Rb1 44. Nc6 Kf7
45. Ke2 Rb2+ 46. Kf1 Bc3 47. Kg1 Be1 48. Kh1 Bg3 49. Kg1 g4 50. Kf1 Rf2+ 51.
Ke1 Rc2+ 52. Kf1 Rxc6 53. Kg1 Rc2 54. Kf1 h5 55. Kg1 Rf2 56. Kh1 h4 57. Kg1
h3 58. Kh1 Kg6 59. Kg1 h2+ 60. Kh1 Rf1+ 61. Kg2 h1=Q# {White checkmated} 0-1

[Event "ICC tourney 2069 (15 5)"]
[Site "Internet Chess Club"]
[Date "2020.10.18"]
[Round "3"]
[White "alfvelas1"]
[Black "Tinky"]
[Result "1/2-1/2"]
[ICCResult "Game drawn by repetition"]
[WhiteElo "1381"]
[BlackElo "1321"]
[Opening "Philidor's defense"]
[ECO "C41"]
[NIC "KP.10"]
[Time "14:09:24"]
[TimeControl "900+5"]

1. e4 e5 2. Nf3 d6 3. c3 Nf6 4. d3 Be7 5. Be2 O-O 6. O-O Nc6 7. Nbd2 Bg4 8.
h3 Bh5 9. Re1 d5 10. g4 Bg6 11. Nh4 dxe4 12. Nxg6 hxg6 13. Nxe4 Nxe4 14.
dxe4 Bh4 15. Qxd8 Raxd8 16. Be3 f5 17. gxf5 gxf5 18. exf5 Rxf5 19. Rad1 Rdf8
20. Rf1 e4 21. Rd7 R5f7 22. Bc4 Ne5 23. Bxf7+ Rxf7 24. Rxf7 Kxf7 25. Bxa7 b6
26. Bb8 Bd8 27. Kg2 Nc6 28. Rd1 Ke7 29. Re1 Nxb8 30. Rxe4+ Kf7 31. f4 Nc6
32. Kf3 Bf6 33. Ra4 Ne7 34. Ra7 Nd5 35. c4 Nb4 36. b3 Bd8 37. h4 Nc6 38. Rb7
Na5 39. Ra7 Nc6 40. Rb7 Na5 41. Ra7 Nc6 42. Rb7 Na5 43. Ra7 Nc6 44. Rb7 Na5
45. Ra7 Nc6 46. Rb7 Na5 47. Ra7 Nc6 48. Rb7 Na5 {Game drawn by repetition}
1/2-1/2

[Event "ICC tourney 2069 (15 5)"]
[Site "Internet Chess Club"]
[Date "2020.10.18"]
[Round "3"]
[White "mgelgi"]
[Black "hackerguru"]
[Result "0-1"]
[ICCResult "White checkmated"]
[WhiteElo "1391"]
[BlackElo "1762"]
[Opening "Sicilian: Labourdonnais-Löwenthal variation"]
[ECO "B32"]
[NIC "SI.32"]
[Time "14:09:51"]
[TimeControl "900+5"]

1. e4 c5 2. Nf3 Nc6 3. d4 cxd4 4. Nxd4 e5 5. Nxc6 bxc6 6. Nc3 Nf6 7. Bc4 Bb4
8. a3 Bxc3+ 9. bxc3 Nxe4 10. Qf3 d5 11. Bb3 Ba6 12. Bb2 O-O 13. Bc1 Qa5 14.
Bb2 Rab8 15. Qh3 d4 16. Kd1 Nxf2+ 17. Kd2 Nxh3 18. gxh3 dxc3+ 19. Bxc3 Rfd8+
20. Ke3 Qxc3+ 21. Ke4 Rd4+ 22. Kf5 Qf3+ 23. Kxe5 Qe4# {White checkmated} 0-1

[Event "ICC tourney 2069 (15 5)"]
[Site "Internet Chess Club"]
[Date "2020.10.18"]
[Round "3"]
[White "shreyanshdaga"]
[Black "ANJANIPODICC"]
[Result "1-0"]
[ICCResult "Black resigns"]
[WhiteElo "227"]
[BlackElo "1014"]
[Opening "Damiano's defense"]
[ECO "C40"]
[NIC "KP.10"]
[Time "14:09:59"]
[TimeControl "900+5"]

1. e4 e5 2. Nf3 f6 3. Nxe5 fxe5 4. Qh5+ g6 5. Qxe5+ Be7 6. Qxh8 Bf8 7. Qxg8
Qe7 8. Qb3 Qxe4+ 9. Be2 Qxg2 10. Bf3 Qg5 11. Nc3 Kd8 12. d3 Qf6 13. Rg1 Qxf3
14. Rg3 Qh1+ 15. Kd2 Qxh2 16. Rf3 a5 17. Rxf8+ Ke7 18. Qf7+ Kd6 19. Rxc8 Qe5
20. Kd1 g5 21. Qxh7 g4 22. Qh6+ Qe6 23. Qxe6+ dxe6 24. Rd8+ Ke7 25. Rg8 e5
26. Rxg4 Nc6 27. Re4 b5 28. Nxb5 Rc8 29. d4 Rd8 30. Bd2 Nxd4 31. Bg5+ Ke6
32. Bxd8 Nxb5 33. Ke2 Nc3+ 34. bxc3 {Black resigns} 1-0

[Event "ICC tourney 2069 (15 5)"]
[Site "Internet Chess Club"]
[Date "2020.10.18"]
[Round "3"]
[White "anandmenon"]
[Black "jkpoet777"]
[Result "0-1"]
[ICCResult "White checkmated"]
[WhiteElo "1189"]
[BlackElo "1188"]
[Opening "Queen's pawn game"]
[ECO "D02"]
[NIC "QP.08"]
[Time "14:09:51"]
[TimeControl "900+5"]

1. d4 d5 2. Nf3 Bf5 3. g4 Bxg4 4. Nfd2 Nc6 5. f3 Bf5 6. a4 Nxd4 7. c3 Nc2+
8. Qxc2 Bxc2 9. h4 e6 10. Na3 Bxa4 11. b3 Bd7 12. c4 Bd6 13. c5 Bg3+ 14. Kd1
Nf6 15. Rh2 Bxh2 16. Bb2 O-O 17. f4 Bxf4 18. e3 Bxe3 19. h5 Bxd2 20. Kxd2
Ne4+ 21. Kd3 Nxc5+ 22. Kc3 Qf6+ 23. Kc2 Qf2+ 24. Kd1 Ne4 25. h6 Qd2#
{White checkmated}
0-1

[Event "ICC tourney 2069 (15 5)"]
[Site "Internet Chess Club"]
[Date "2020.10.18"]
[Round "3"]
[White "Ananya22609"]
[Black "SatvikSharma"]
[Result "1-0"]
[ICCResult "Black checkmated"]
[WhiteElo "1654"]
[BlackElo "1535"]
[Opening "Scotch game"]
[ECO "C45"]
[NIC "SO.05"]
[Time "14:10:01"]
[TimeControl "900+5"]

1. e4 e5 2. Nf3 Nc6 3. d4 exd4 4. Nxd4 Bc5 5. Be3 Nxd4 6. Bxd4 Bxd4 7. Qxd4
Qf6 8. e5 Qe6 9. Bc4 Qe7 10. Nc3 c5 11. Qf4 f6 12. Nd5 Qd8 13. exf6 gxf6 14.
Nc7+ Kf8 15. Nxa8 Qa5+ 16. c3 Qa4 17. Qd6+ Kg7 18. Bxg8 Rxg8 19. Qe7+ Kg6
20. O-O Qa5 21. Qe4+ Kg7 22. Qf4 Kg6 23. Nc7 Kf7 24. Nd5 Rg6 25. Rfe1 Rg5
26. Qxf6+ Kg8 27. Re8# {Black checkmated} 1-0

[Event "ICC tourney 2069 (15 5)"]
[Site "Internet Chess Club"]
[Date "2020.10.18"]
[Round "3"]
[White "agangal1"]
[Black "lucasnc"]
[Result "1-0"]
[ICCResult "Black checkmated"]
[WhiteElo "1356"]
[BlackElo "1193"]
[Opening "Giuoco Piano"]
[ECO "C54"]
[NIC "IG.02"]
[Time "14:09:42"]
[TimeControl "900+5"]

1. e4 e5 2. Nf3 Nc6 3. Bc4 Bc5 4. c3 Nf6 5. d4 Nxe4 6. dxc5 Nxc5 7. Qd5 Ne6
8. Nxe5 Nxe5 9. Qxe5 O-O 10. Bxe6 dxe6 11. O-O Bd7 12. Qg3 Qf6 13. Bg5 Qg6
14. Rd1 Bb5 15. Bf4 Rfd8 16. Re1 Be2 17. Qxg6 hxg6 18. h3 Rd1 19. Rxd1 Bxd1
20. Bxc7 Rc8 21. Bg3 Bc2 22. Na3 Ba4 23. b3 Rxc3 24. bxa4 Rxa3 25. a5 Rxa5
26. a4 b5 27. Bc7 Rxa4 28. Rxa4 bxa4 29. Be5 a3 30. Kf1 Kf8 31. Ke1 Ke7 32.
Bc3 Kd6 33. Kd1 Kc5 34. Kc2 Kc4 35. Bxg7 a5 36. g4 a4 37. h4 a2 38. h5 gxh5
39. gxh5 Kb4 40. h6 Ka3 41. h7 a1=Q 42. Bxa1 Ka2 43. h8=Q a3 44. Kd3 Kb1 45.
Qh1+ Ka2 46. Kc3 f5 47. Kb4 e5 48. Qa8 Kxa1 49. Qxa3+ Kb1 50. Kc3 e4 51.
Qb2# {Black checkmated} 1-0

[Event "ICC tourney 2069 (15 5)"]
[Site "Internet Chess Club"]
[Date "2020.10.18"]
[Round "3"]
[White "Ritvik08"]
[Black "weakfish"]
[Result "0-1"]
[ICCResult "White resigns"]
[WhiteElo "1077"]
[BlackElo "1540"]
[Opening "Caro-Kann: exchange variation"]
[ECO "B13"]
[NIC "CK.02"]
[Time "14:09:29"]
[TimeControl "900+5"]

1. e4 c6 2. d4 d5 3. exd5 cxd5 4. Nc3 a6 5. Nf3 Bg4 6. Bf4 e6 7. a3 Nf6 8.
h3 Bh5 9. Be2 Nbd7 10. Ne5 Bxe2 11. Qxe2 Rc8 12. O-O Be7 13. Rad1 Bxa3 14.
Nxd7 Qxd7 15. bxa3 Rxc3 16. Ra1 O-O 17. Be5 Qe7 18. Qd2 Rfc8 19. Rfc1 Nd7
20. Bf4 Qf6 21. Bg5 Qg6 22. Be3 Nf6 23. Ra2 h6 24. Rb1 b5 25. a4 Ne4 26. Qd1
bxa4 27. Rxa4 Rxc2 28. Rxa6 Nc3 29. Rc6 Nxd1 30. Rxc8+ Rxc8 31. Rxd1 Rc2 32.
Rb1 Re2 33. Rb8+ Kh7 34. Rb3 Qc2 35. Rb7 Kg6 {White resigns} 0-1

[Event "ICC tourney 2069 (15 5)"]
[Site "Internet Chess Club"]
[Date "2020.10.18"]
[Round "3"]
[White "arjun052412"]
[Black "Deng16"]
[Result "0-1"]
[ICCResult "White checkmated"]
[WhiteElo "1043"]
[BlackElo "1349"]
[Opening "Queen's bishop game"]
[ECO "D02"]
[NIC "QP.08"]
[Time "14:09:20"]
[TimeControl "900+5"]

1. d4 d5 2. Nf3 Nf6 3. Bf4 Bf5 4. e3 e6 5. Be2 Nbd7 6. O-O Ne4 7. c4 c6 8.
Nbd2 Be7 9. cxd5 exd5 10. Nxe4 Bxe4 11. a3 a5 12. Rb1 Bxb1 13. Qxb1 Nf6 14.
h3 O-O 15. b4 axb4 16. axb4 Bd6 17. Bxd6 Qxd6 18. b5 Ne4 19. bxc6 bxc6 20.
Qb7 Rfb8 21. Qxa8 Rxa8 22. Bd3 f5 23. Bxe4 fxe4 24. Ne5 c5 25. dxc5 Qxe5 26.
c6 Rc8 27. Ra1 Qxa1+ 28. Kh2 Rxc6 29. h4 h5 30. g3 Rc2 31. Kg2 Qe1 32. Kh3
Qh1# {White checkmated} 0-1

[Event "ICC tourney 2069 (15 5)"]
[Site "Internet Chess Club"]
[Date "2020.10.18"]
[Round "3"]
[White "SenileOyster"]
[Black "Jwagner354"]
[Result "1-0"]
[ICCResult "Black resigns"]
[WhiteElo "1704"]
[BlackElo "1469"]
[Opening "Queen's pawn game"]
[ECO "D05"]
[NIC "QP.06"]
[Time "14:09:21"]
[TimeControl "900+5"]

1. d4 Nf6 2. Nf3 d5 3. e3 e6 4. b3 c5 5. Bb2 Nc6 6. a3 Bd6 7. Bd3 c4 8. bxc4
Na5 9. c5 Nc4 10. Bxc4 dxc4 11. cxd6 Qxd6 12. Bc3 O-O 13. Bb4 Qd8 14. Bxf8
Kxf8 15. Nbd2 Nd5 16. Nxc4 Qc7 17. Nce5 a5 18. O-O f6 19. Nd3 b6 20. e4 Nf4
21. Qd2 e5 22. dxe5 fxe5 23. Ndxe5 Ba6 24. Qxf4+ Kg8 25. Ng5 Bxf1 26. Rxf1
Rf8 27. Qxf8+ {Black resigns} 1-0

[Event "ICC tourney 2069 (15 5)"]
[Site "Internet Chess Club"]
[Date "2020.10.18"]
[Round "3"]
[White "ARJUNCHESS05"]
[Black "Newton209"]
[Result "1-0"]
[ICCResult "Black resigns"]
[WhiteElo "1362"]
[BlackElo "857"]
[Opening "Van't Kruijs opening"]
[ECO "A00"]
[Time "14:19:23"]
[TimeControl "900+5"]

1. e3 e5 2. Nf3 Nc6 3. Bb5 d6 4. d4 exd4 5. Nxd4 Bd7 6. Nc3 Nf6 7. e4 Be7 8.
O-O Nxd4 9. Qxd4 O-O 10. Bxd7 Qxd7 11. h3 c5 12. Qd1 d5 13. exd5 Nxd5 14.
Nxd5 Qf5 15. Nxe7+ {Black resigns} 1-0

[Event "ICC tourney 2069 (15 5)"]
[Site "Internet Chess Club"]
[Date "2020.10.18"]
[Round "3"]
[White "alanl"]
[Black "ashvathk5"]
[Result "1-0"]
[ICCResult "Black checkmated"]
[WhiteElo "1813"]
[BlackElo "1431"]
[Opening "two knights defense: Fritz variation"]
[ECO "C57"]
[NIC "KP.01"]
[Time "14:09:18"]
[TimeControl "900+5"]

1. e4 e5 2. Nf3 Nc6 3. Bc4 Nf6 4. Ng5 d5 5. exd5 Nd4 6. c3 Nf5 7. O-O Bc5 8.
d3 O-O 9. Qe2 Re8 10. Ne4 Nxe4 11. dxe4 Ne7 12. Bg5 h6 13. Bh4 f6 14. Nd2
Ng6 15. Bg3 c6 16. dxc6+ Kh7 17. cxb7 Bxb7 18. Rad1 Qe7 19. Kh1 Rf8 20. f3
f5 21. exf5 Rxf5 22. Bd3 Rh5 23. Nc4 Qg5 24. Bf2 Bxf2 25. Qxf2 Qh4 26. Qxh4
Rxh4 27. Nxe5 Rd8 28. Nxg6 Rh5 29. Nf4+ Kh8 30. Nxh5 Bc6 31. Bg6 Rxd1 32.
Rxd1 Bd5 33. Rxd5 Kg8 34. Rd8# {Black checkmated} 1-0

[Event "ICC tourney 2069 (15 5)"]
[Site "Internet Chess Club"]
[Date "2020.10.18"]
[Round "3"]
[White "mexicoreal"]
[Black "GGuseinov"]
[Result "0-1"]
[ICCResult "White resigns"]
[WhiteElo "1986"]
[BlackElo "2717"]
[Opening "Sicilian: accelerated fianchetto, Gurgenidze variation"]
[ECO "B36"]
[NIC "SI.33"]
[Time "14:09:32"]
[TimeControl "900+5"]

1. e4 c5 2. Nf3 Nc6 3. d4 cxd4 4. Nxd4 g6 5. c4 Nf6 6. Nc3 Nxd4 7. Qxd4 d6
8. Be2 Bg7 9. O-O O-O 10. Qd2 Be6 11. f3 Rc8 12. b3 b5 13. e5 b4 14. exf6
bxc3 15. fxe7 Qb6+ 16. Qe3 Bd4 17. exf8=Q+ Rxf8 18. Qxd4 Qxd4+ 19. Kh1 Bf5
20. Bh6 Re8 21. Rad1 Qh4 {White resigns} 0-1

[Event "ICC tourney 2069 (15 5)"]
[Site "Internet Chess Club"]
[Date "2020.10.18"]
[Round "3"]
[White "njchess"]
[Black "jjplaman"]
[Result "0-1"]
[ICCResult "White checkmated"]
[WhiteElo "851"]
[BlackElo "1416"]
[Opening "Caro-Kann: classical variation"]
[ECO "B18"]
[NIC "CK.10"]
[Time "14:09:31"]
[TimeControl "900+5"]

1. e4 c6 2. d4 d5 3. Nd2 dxe4 4. Nxe4 Bf5 5. Bd3 Qxd4 6. Nf3 Qd5 7. O-O Bxe4
8. Bxe4 Qxe4 9. Re1 Qd5 10. Bd2 Nf6 11. c3 e6 12. Qa4 Bc5 13. Re5 Qd6 14.
Bf4 Qe7 15. Qa5 Bd6 16. Rg5 Bxf4 17. Rxg7 Bc7 18. Qg5 Nbd7 19. Rd1 O-O-O 20.
Qe3 Bb6 21. Qh6 Rdg8 22. Rg5 Rxg5 23. Qxg5 Rg8 24. Qf4 Qc5 25. Rc1 Qxf2+ 26.
Kh1 Qxg2# {White checkmated} 0-1

[Event "ICC tourney 2069 (15 5)"]
[Site "Internet Chess Club"]
[Date "2020.10.18"]
[Round "3"]
[White "sahti2009"]
[Black "swathivjdp"]
[Result "0-1"]
[ICCResult "White checkmated"]
[WhiteElo "1192"]
[BlackElo "1406"]
[Opening "Queen's pawn game"]
[ECO "D04"]
[NIC "QP.08"]
[Time "14:09:33"]
[TimeControl "900+5"]

1. d4 d5 2. Nf3 Nf6 3. e3 Nc6 4. Bd3 e6 5. O-O Bd6 6. b3 O-O 7. Bb2 Re8 8.
Nbd2 Bd7 9. a3 a6 10. Ne5 Qe7 11. f4 Rad8 12. Rc1 h6 13. Qf3 b5 14. Qg3 b4
15. a4 a5 16. Ndf3 Ne4 17. Qg4 f6 18. Ng6 Qf7 19. Bxe4 dxe4 20. Nfh4 e5 21.
Qg3 exf4 22. exf4 e3 23. Rce1 e2 24. Rf2 Qe6 25. Rfxe2 Qxe2 26. Rxe2 Rxe2
27. Qd3 Rde8 28. d5 Re1+ 29. Kf2 Bc5+ 30. Kg3 R8e3+ 31. Qxe3 Rxe3+ 32. Nf3
Nd4 33. Bxd4 Bxd4 34. Kh4 Bf5 35. Nxd4 Bxg6 36. f5 Re4+ 37. g4 Rxd4 38. fxg6
Rd2 39. Kg3 Rxc2 40. Kf4 Rxh2 41. Ke3 Rh3+ 42. Kd4 Rxb3 43. Kc4 Rg3 44. Kb5
Rxg4 45. Kc6 b3 46. Kxc7 b2 47. d6 b1=Q 48. d7 Rc4+ 49. Kd8 Qb8+ 50. Ke7
Re4# {White checkmated} 0-1

[Event "ICC tourney 2069 (15 5)"]
[Site "Internet Chess Club"]
[Date "2020.10.18"]
[Round "3"]
[White "ROWLAND"]
[Black "AlphaTomato"]
[Result "0-1"]
[ICCResult "White checkmated"]
[WhiteElo "1671"]
[BlackElo "1468"]
[Opening "Robatsch (modern) defense"]
[ECO "B06"]
[NIC "KF.05"]
[Time "14:10:27"]
[TimeControl "900+5"]

1. e4 g6 2. d4 Bg7 3. Nc3 d6 4. Be3 Nf6 5. f3 Nbd7 6. h4 e5 7. d5 Nb6 8. Qd2
Bd7 9. O-O-O Nc8 10. Kb1 a5 11. g4 Na7 12. h5 b5 13. h6 Bf8 14. Nh3 b4 15.
Ne2 Nb5 16. Ng3 Qb8 17. Ka1 Na7 18. g5 Ng8 19. f4 a4 20. Bc4 Ne7 21. Rdf1 b3
22. cxb3 axb3 23. Bxb3 Nac8 24. Qc3 Bb5 25. Rf2 Bd7 26. fxe5 dxe5 27. Kb1
Qb5 28. Qxe5 Qd3+ 29. Bc2 Qxe3 30. Rhf1 Bxh3 31. Qxh8 Bxf1 32. Rxf1 Qxg3 33.
Qxh7 Nd6 34. Qh8 Qxg5 35. h7 Qh6 36. Bd3 Qg7 37. Qxg7 Bxg7 38. Rh1 Kd7 39.
Bc2 Rh8 40. a4 Nec8 41. a5 Na7 42. b4 Ne8 43. Ba4+ Kd8 44. b5 Nd6 45. b6
cxb6 46. axb6 Nac8 47. Kc2 Nxb6 48. Bc6 Nxe4 49. Rb1 Kc7 50. Re1 f5 51. Re3
Rxh7 52. Ra3 Rh2+ 53. Kd1 Kd6 54. Ra7 Bd4 55. Rb7 Kc5 56. Rb8 Nxd5 57. Bxd5
Kxd5 58. Rd8+ Kc4 59. Rg8 Kd3 60. Kc1 Be3+ 61. Kb1 Nc3+ 62. Ka1 Ra2#
{White checkmated}
0-1

[Event "ICC tourney 2069 (15 5)"]
[Site "Internet Chess Club"]
[Date "2020.10.18"]
[Round "3"]
[White "Deng18"]
[Black "Goran21"]
[Result "0-1"]
[ICCResult "White checkmated"]
[WhiteElo "1543"]
[BlackElo "2079"]
[Opening "Sicilian"]
[ECO "B54"]
[NIC "SI.01"]
[Time "14:09:14"]
[TimeControl "900+5"]

1. e4 c5 2. Nf3 d6 3. d4 cxd4 4. Nxd4 e5 5. Nf3 Nf6 6. Nc3 Be7 7. Bc4 O-O 8.
O-O a6 9. Be3 Nbd7 10. a3 b5 11. Bd3 Bb7 12. b4 Rc8 13. Bd2 d5 14. exd5 Nxd5
15. Nxd5 Bxd5 16. Re1 Bd6 17. Bg5 f6 18. Bh4 Nb6 19. Bg3 Be7 20. Qe2 Nc4 21.
Bf5 Rc6 22. Be4 Rd6 23. Bd3 Re8 24. Nd2 Nxd2 25. Qxd2 Bc4 26. Bxc4+ bxc4 27.
Qc3 Rd4 28. f3 Qd5 29. Bf2 Rf4 30. Rad1 Qc6 31. Rd2 Bf8 32. Red1 e4 33. Bg3
Rf5 34. fxe4 Rxe4 35. Rf2 Rxf2 36. Bxf2 Bd6 37. Qf3 Be5 38. h3 g6 39. Kf1 f5
40. Bd4 Rf4 41. Bxe5 Rxf3+ 42. gxf3 Qxf3+ 43. Ke1 Qe3+ 44. Kf1 Qxe5 45. Rd8+
Kf7 46. Rd7+ Kf6 47. Rxh7 Qa1+ 48. Kf2 Qxa3 49. Rb7 Qc3 50. Rb6+ Ke5 51.
Rxa6 Qxc2+ 52. Ke3 Qb3+ 53. Ke2 Qxb4 54. Rxg6 Qb2+ 55. Ke3 Qc3+ 56. Ke2 Qxh3
57. Kd2 Qh2+ 58. Ke3 Qh3+ 59. Ke2 Qh5+ 60. Kf2 Qxg6 61. Ke2 Qd6 62. Kf2 Qd3
63. Ke1 Qc2 64. Kf1 Qd2 65. Kg1 c3 66. Kf1 c2 67. Kg1 c1=Q# {White
checkmated} 0-1

[Event "ICC tourney 2069 (15 5)"]
[Site "Internet Chess Club"]
[Date "2020.10.18"]
[Round "3"]
[White "Jets"]
[Black "dcole"]
[Result "0-1"]
[ICCResult "White resigns"]
[WhiteElo "1560"]
[BlackElo "1630"]
[Opening "English, Nimzovich variation"]
[ECO "A20"]
[NIC "EO.19"]
[Time "14:09:29"]
[TimeControl "900+5"]

1. c4 e5 2. Nf3 Nc6 3. g3 g6 4. Bg2 Bg7 5. Nc3 Nge7 6. d3 h6 7. a4 O-O 8.
Rb1 a5 9. O-O d6 10. b3 f5 11. Bb2 Be6 12. Re1 Qd7 13. e3 d5 14. Qe2 Rae8
15. d4 e4 16. Nd2 Nb4 17. Ba1 Kh7 18. f3 c6 19. f4 Nc8 20. c5 b6 21. cxb6
Nxb6 22. Nf1 Qc7 23. Rbc1 Nd3 24. Nb5 Qd7 25. Rc2 Nxe1 26. Qxe1 cxb5 27.
Qxa5 Rb8 28. axb5 Rfc8 29. Rxc8 Qxc8 30. Nd2 Qc7 31. Bc3 Ra8 32. Qb4 Bf8
{White resigns}
0-1

[Event "ICC tourney 2069 (15 5)"]
[Site "Internet Chess Club"]
[Date "2020.10.18"]
[Round "3"]
[White "NightMovesTN"]
[Black "rjc64uk"]
[Result "1-0"]
[ICCResult "Black resigns"]
[WhiteElo "2239"]
[BlackElo "2069"]
[Opening "Bogo-Indian defense, Grünfeld variation"]
[ECO "E11"]
[NIC "QI.01"]
[Time "14:09:40"]
[TimeControl "900+5"]

1. d4 Nf6 2. Nf3 e6 3. c4 Bb4+ 4. Nbd2 b6 5. a3 Bxd2+ 6. Qxd2 Bb7 7. Qc2 Ne4
8. e3 f5 9. b4 a5 10. b5 O-O 11. Bb2 d6 12. Bd3 Nd7 13. O-O-O Ndf6 14. h3
Qe7 15. g4 g6 16. Rhg1 Kh8 17. d5 e5 18. gxf5 gxf5 19. Nh4 Bc8 20. f3 Nh5
21. Nxf5 Bxf5 22. Bxe4 Bxe4 23. Qxe4 Nf6 24. Qc2 Rg8 25. f4 Nd7 26. Qf5 Raf8
27. Qe6 Qe8 28. fxe5 Nxe5 29. Bxe5+ dxe5 30. Rxg8+ Rxg8 31. Qf6+ Rg7 32. Rg1
Qf7 33. Qxe5 Kg8 34. Rxg7+ Qxg7 35. Qxg7+ Kxg7 36. c5 Kf6 37. d6 {Black
resigns} 1-0

[Event "ICC tourney 2069 (15 5)"]
[Site "Internet Chess Club"]
[Date "2020.10.18"]
[Round "3"]
[White "chessrex"]
[Black "tangent"]
[Result "0-1"]
[ICCResult "White checkmated"]
[WhiteElo "2001"]
[BlackElo "2295"]
[Opening "Paleface attack"]
[ECO "A45"]
[NIC "QP.07"]
[Time "14:09:15"]
[TimeControl "900+5"]

1. d4 Nf6 2. f3 e6 3. e4 d5 4. Be3 Be7 5. e5 Nfd7 6. c3 c5 7. f4 Nc6 8. Nf3
Qb6 9. Qb3 c4 10. Qxb6 axb6 11. Nbd2 b5 12. b3 b4 13. bxc4 bxc3 14. Nb3 Nb4
15. Kf2 Nc2 16. Rc1 Rxa2 17. Be2 dxc4 18. Bxc4 Nb6 19. Be2 Nd5 20. Rxc2 Rxc2
21. Rc1 Rb2 22. Nc5 Bd7 23. Nxd7 Kxd7 24. Ne1 Ra8 25. Nd3 Rb6 26. Rc2 Rc6
27. Bf3 b5 28. Nc1 Ra3 29. Be2 b4 30. Bb5 b3 31. Bxc6+ Kxc6 32. Nxb3 Rxb3
33. Bc1 Ba3 34. Bxa3 Rxa3 35. Kf3 Rb3 36. Ke4 Rb2 37. Rc1 Rxg2 38. Kd3 Rxh2
39. Rg1 g6 40. Ra1 Rd2+ 41. Ke4 c2 42. Rc1 Nb4 43. Ke3 Rd1 44. Rxc2+ Nxc2+
45. Ke4 Rxd4+ 46. Kf3 Kd5 47. Kg4 Ke4 48. Kg5 Ne3 49. Kf6 Rd7 50. Kg5 Nd5
51. Kg4 Nxf4 52. Kg5 Kxe5 53. Kh6 Kf5 54. Kxh7 g5 55. Kg7 g4 56. Kf8 g3 57.
Ke8 Ra7 58. Kf8 g2 59. Kg8 g1=Q+ 60. Kh8 Ra8+ 61. Kh7 Qg6# {White
checkmated} 0-1

[Event "ICC tourney 2069 (15 5)"]
[Site "Internet Chess Club"]
[Date "2020.10.18"]
[Round "3"]
[White "bengernt"]
[Black "patzer2020"]
[Result "1-0"]
[ICCResult "Black resigns"]
[WhiteElo "1448"]
[BlackElo "1423"]
[Opening "King's Indian defense, 3.Nc3"]
[ECO "E61"]
[NIC "KI.76"]
[Time "14:09:48"]
[TimeControl "900+5"]

1. d4 Nf6 2. c4 g6 3. Nc3 Bg7 4. Nf3 d6 5. Qc2 O-O 6. Bg5 c6 7. e4 Nbd7 8.
g3 h6 9. Be3 Ng4 10. Bf4 e5 11. dxe5 dxe5 12. Bc1 Qb6 13. h3 Ngf6 14. Be3
Qc7 15. b4 Re8 16. a4 Nf8 17. Bg2 Be6 18. c5 Bc4 19. Nd2 Be6 20. O-O Rad8
21. Rad1 Qc8 22. Ne2 Bxh3 23. Nc4 Bxg2 24. Kxg2 N8d7 25. Nd6 Qc7 26. Nxe8
Rxe8 27. Qd2 Kh7 28. Rh1 Ng4 29. Qxd7 Qxd7 30. Rxd7 Nxe3+ 31. fxe3 Rb8 32.
Rxf7 a6 33. Rd1 b5 34. Rdd7 Rg8 35. Nc3 g5 36. Rd6 Rc8 37. a5 Kh8 38. Rdd7
Rg8 39. Rc7 h5 40. Rxc6 h4 41. Rxa6 Bf8 42. Nd5 g4 43. gxh4 g3 44. h5 Bg7
45. h6 Bf8 46. Raa7 {Black resigns} 1-0

[Event "ICC tourney 2069 (15 5)"]
[Site "Internet Chess Club"]
[Date "2020.10.18"]
[Round "3"]
[White "JonnyTurgi"]
[Black "kushood"]
[Result "1-0"]
[ICCResult "Black resigns"]
[WhiteElo "1928"]
[BlackElo "1517"]
[Opening "QGD: 4.Nf3"]
[ECO "D37"]
[NIC "QO.17"]
[Time "14:09:47"]
[TimeControl "900+5"]

1. d4 e6 2. c4 d5 3. Nf3 Nf6 4. Nc3 Nbd7 5. Bg5 c6 6. cxd5 cxd5 7. e3 Be7 8.
Bd3 O-O 9. O-O Re8 10. Rc1 a6 11. Qe2 b5 12. a4 b4 13. Nb1 h6 14. Bh4 Ne4
15. Bxe7 Qxe7 16. Nbd2 f5 17. Nb3 Nb6 18. a5 Nd7 19. Rc2 Ndf6 20. Ne5 Bd7
21. Rfc1 Ba4 22. Rc7 Qd8 23. Nd2 Re7 24. Rxe7 Qxe7 25. Nf1 g5 26. f3 Nd6 27.
Nc6 Qe8 28. Nxb4 g4 29. Nxa6 gxf3 30. gxf3 Kh8 31. b4 Qh5 32. Kh1 Nf7 33.
Ng3 Qh4 34. Nc5 Rg8 35. Qf2 Nh5 36. Rg1 Ng5 37. Nge4 Nxf3 38. Rxg8+ Kxg8 39.
Qxh4 Nxh4 40. Ng3 Nxg3+ 41. hxg3 {Black resigns} 1-0

[Event "ICC tourney 2069 (15 5)"]
[Site "Internet Chess Club"]
[Date "2020.10.18"]
[Round "3"]
[White "betterone76"]
[Black "smanek75"]
[Result "0-1"]
[ICCResult "White checkmated"]
[WhiteElo "1806"]
[BlackElo "1713"]
[Opening "Scotch opening"]
[ECO "C44"]
[NIC "KP.10"]
[Time "14:09:32"]
[TimeControl "900+5"]

1. e4 e5 2. Nf3 Nc6 3. d4 Bd6 4. Bc4 h6 5. O-O Nf6 6. Nc3 a6 7. dxe5 Bxe5 8.
Nxe5 Nxe5 9. Bb3 d6 10. f4 Nc6 11. a3 Be6 12. Bxe6 fxe6 13. Be3 Qd7 14. Qe2
O-O-O 15. b4 d5 16. e5 Nh7 17. b5 axb5 18. Nxb5 d4 19. Rfd1 Qf7 20. Nxd4
Nxd4 21. Rxd4 Rxd4 22. Bxd4 Qxf4 23. c3 Ng5 24. Rb1 Qe4 25. Qb2 Rf8 26. a4
Qc6 27. a5 Qa6 28. Qa3 Rf7 29. Qc5 Ne4 30. Qa3 Nd2 31. Qc1 Nxb1 32. Qxb1 g5
33. h3 Qc6 34. a6 Qxa6 35. Qg6 Qf1+ 36. Kh2 Qf4+ 37. Kh1 Qf5 38. Qxh6 b6 39.
Qh5 c5 40. Bg1 Kb7 41. Qe2 Rh7 42. Bh2 Rf7 43. Bg1 Rg7 44. c4 g4 45. hxg4
Rxg4 46. Bh2 Qe4 47. Qd2 Qb1+ 48. Bg1 Rh4# {White checkmated} 0-1

[Event "ICC tourney 2069 (15 5)"]
[Site "Internet Chess Club"]
[Date "2020.10.18"]
[Round "3"]
[White "Aquaman"]
[Black "shreyuppal"]
[Result "0-1"]
[ICCResult "White forfeits on time"]
[WhiteElo "1201"]
[BlackElo "1305"]
[Opening "Nimzovich-Larsen attack: modern variation"]
[ECO "A01"]
[NIC "VO.08"]
[Time "14:09:26"]
[TimeControl "900+5"]

1. b3 e5 2. Bb2 Nc6 3. e3 Bb4 4. a3 Bc5 5. b4 Bd6 6. c4 Nf6 7. c5 Be7 8. Ne2
Nd5 9. Nbc3 Nxc3 10. Bxc3 Bg5 11. Ng3 a5 12. b5 Ne7 13. Bxe5 c6 14. b6 Nd5
15. Bc4 Qe7 16. Bd6 Qe6 17. f4 Bf6 18. Rb1 Be7 19. O-O Bxd6 20. cxd6 Qxd6
21. Qf3 Qxa3 22. Bxd5 cxd5 23. Ra1 Qc5 {White forfeits on time} 0-1